 Dungeon Crawl Stone Soup version 0.28-a0-1567-g1695149f81 (webtiles) character file.

Game seed: 10221103080420328647

36 HallandMoats the Shield-Bearer (level 3, -2/33 HPs)
             Began as a Minotaur Fighter on Jan 19, 2022.
             Was a Follower of Nemelex Xobeh.
             Slain by a hobgoblin (3 damage)
             ... on level 2 of the Dungeon.
             The game lasted 00:01:11 (1085 turns).

HallandMoats the Shield-Bearer (Minotaur Fighter)   Turns: 1085, Time: 00:01:12

Health: -2/33      AC:  7    Str: 20    XL:     3   Next: 19%
Magic:  2/2        EV:  9    Int:  5    God:    Nemelex Xobeh [*.....]
Gold:   40         SH:  4    Dex: 11    Spells: 2/2 levels left

rFire   . . .      SeeInvis .   a - +0 war axe
rCold   . . .      Faith    .   c - +0 buckler
rNeg    . . .      Spirit   .   b - +0 scale mail
rPois   .          Reflect  .   (helmet restricted)
rElec   .          Harm     .   (no cloak)
rCorr   .          Rampage  .   (no gloves)
Will    .....                   (no boots)
Stlth   ..........              (no amulet)
HPRegen 0.11/turn               (no ring)
MPRegen 0.08/turn               (no ring)

@: no status effects
A: horns 2, retaliatory headbutt
a: Renounce Religion, Draw Escape, Draw Destruction, Draw Summoning


You were on level 2 of the Dungeon.
You worshipped Nemelex Xobeh.
Nemelex Xobeh was aware of your devotion.
You visited 1 branch of the dungeon, and saw 2 of its levels.

You collected 40 gold pieces.

Inventory:

Hand Weapons
 a - a +0 war axe (weapon)
Armour
 b - a +0 scale mail (worn)
 c - a +0 buckler (worn)
Jewellery
 f - a ring of poison resistance
 i - a ring of fire
Scrolls
 e - a scroll of identify {unknown}
 h - a scroll of noise {unknown}
Potions
 d - a potion of might
 g - a potion of curing {unknown}


   Skills:
 + Level 3.8 Fighting
 * Level 3.2 Axes
 + Level 3.9 Armour
 + Level 0.7 Dodging
 + Level 4.0 Shields
 + Level 0.7 Invocations


You had 2 spell levels left.
You didn't know any spells.
Your spell library was empty.

Dungeon Overview and Level Annotations

Branches:
Dungeon (2/15)

Altars:
Nemelex Xobeh


Innate Abilities, Weirdness & Mutations

You have a pair of horns on your head.
You reflexively headbutt those who attack you in melee.


Message History

The hobgoblin shouts!
The bat hits you but does no damage. The quokka barely misses you.
You furiously retaliate!
You headbutt the quokka!
You kill the quokka!
Your Shields skill increases to level 4!
The bat hits you but does no damage. The bat hits you but does no damage.
The bat hits you but does no damage. The bat hits you but does no damage.
The bat barely misses you. The bat barely misses you.
The hobgoblin hits you but does no damage.
The bat barely misses you. You furiously retaliate!
You headbutt the bat.
The hobgoblin hits you but does no damage.
The bat hits you but does no damage. The hobgoblin closely misses you.
You furiously retaliate!
You headbutt the hobgoblin. The bat hits you but does no damage.
You block the bat's attack. The hobgoblin closely misses you.
The hobgoblin hits you but does no damage.
The bat closely misses you. The bat hits you but does no damage.
The hobgoblin hits you.
* * * LOW HITPOINT WARNING * * *
The hobgoblin hits you but does no damage.
You block the bat's attack. The bat barely misses you.
You block the hobgoblin's attack. You block the bat's attack.
The hobgoblin barely misses you. The bat completely misses you.
The hobgoblin hits you.
* * * LOW HITPOINT WARNING * * *
The bat closely misses you. The bat hits you but does no damage.
The hobgoblin hits you.
* * * LOW HITPOINT WARNING * * *
The bat barely misses you. You furiously retaliate!
You headbutt the bat.
You kill the bat!
You block the hobgoblin's attack.
The hobgoblin hits you but does no damage.
The hobgoblin hits you.
* * * LOW HITPOINT WARNING * * *
The hobgoblin hits you.
You die...
Your body disappears without a glow.

.........####
............#
#...........#
#...........#
#...........#
#...........#
#.....g)†..$#
#@# #># #.#
#.# #.#
#.#### #....#
####.# #.#


You could see a hobgoblin.

Vanquished Creatures
  2 dart slugs
  2 endoplasms (D:1)
  A goblin (D:1)
  5 hobgoblins
  3 jackals (D:1)
  6 kobolds
  A quokka (D:2)
  3 ball pythons (D:1)
  A bat (D:2)
  4 rats (D:1)
28 creatures vanquished.

Notes
Turn   | Place    | Note
-------+----------+-------------------------------------------
     0 | D:1      | HallandMoats the Minotaur Fighter began the quest for the
                  | Orb.
     0 | D:1      | Reached XP level 1. HP: 19/19 MP: 0/0
   272 | D:1      | Reached XP level 2. HP: 27/27 MP: 1/1
   601 | D:1      | Found a faded altar of an unknown god.
   623 | D:1      | Prayed at the altar of an unknown god.
   623 | D:1      | Became a worshipper of Nemelex Xobeh the Trickster
   623 | D:1      | Reached * piety under Nemelex Xobeh
   740 | D:1      | Received a gift from Nemelex Xobeh
   776 | D:1      | Reached XP level 3. HP: 33/33 MP: 2/2
  1066 | D:2      | Reached skill level 4 in Shields
  1084 | D:2      | HP: 1/33 [hobgoblin (3)]
  1085 | D:2      | Slain by a hobgoblin

Illustrated notes

Levels and vault maps discovered:
D:1:      amcnicky_arrival_gap_in_the_tavern_cellar, layout_loops_corners,
          hellmonk_ecumenical_altar_arch_garden, corner_web_ring
D:2:      layout_basic

Skill      XL: |  1  2  3 |
---------------+----------+-----
Axes           | 3 |  3.2
Shields        | 4 |  4.0
Fighting       | |  3.8
Armour         | |  3.9
Dodging        | |  0.7
Invocations    | |  0.7

Action                   || total
-------------------------++-------
Melee: War axe           ||    39
       Headbutt          ||     7
Armor: Scale mail        ||    52
Dodge: Dodged            ||    46
Block: Buckler           ||    25

Table legend: (Time is in decaauts)
 A = Elapsed time spent in this place.
 B = Non-inter-level travel time spent in this place.
 C = Inter-level travel time spent in this place.
 D = Time resting spent in this place.
 E = Time spent auto-exploring this place.
 F = Levels seen in this place.
 G = Mean time per level.
                   A        B        C        D        E       F      G
               +--------+--------+--------+--------+--------+-----+--------+
         Total |   1100 |   1044 |     56 |      0 |    819 |   2 |  550.0 |
       Dungeon |   1100 |   1044 |     56 |      0 |    819 |   2 |  550.0 |
               +--------+--------+--------+--------+--------+-----+--------+

Top non-repeatable levels by time:
     D:1: 981 daAuts
     D:2: 119 daAuts
